 Dungeon Crawl Stone Soup version 0.18-a0-1028-g6e46bd4 (webtiles) character file.

84 MrRokkomies the Cudgeler (level 4, 0/44 HPs)
             Began as an Ogre Skald on Jan 9, 2016.
             Slain by a giant frog (7 damage)
             ... on level 3 of the Dungeon.
             The game lasted 00:08:42 (2124 turns).

MrRokkomies the Cudgeler (Ogre Skald)               Turns: 2124, Time: 00:08:42

Health: 0/44       AC:  3    Str: 22    XL:     4   Next: 45%
Magic:  0/7        EV:  9    Int: 12    God:
Gold:   63         SH:  0    Dex:  9    Spells: 3 memorised, 1 level left

rFire  . . .     SeeInvis .     a - +0 mace
rCold  . . .     Gourm    .     b - +0 robe
rNeg   . . .     Faith    .     (no shield)
rPois  .         Spirit   +     (helmet restricted)
rElec  .         Dismiss  .     (no cloak)
rCorr  .         Reflect  .     (gloves unavailable)
SustAt .         Harm     .     (boots unavailable)
MR     .....                    e - amulet of guardian spirit
Stlth  +.........               (no ring)
                                (no ring)

@: mighty, not resistant to hostile enchantments, very unstealthy
A: unfitting armour, tough skin 1
a: no special abilities


You were on level 3 of the Dungeon.
You were hungry.

You visited 1 branch of the dungeon, and saw 3 of its levels.

You collected 63 gold pieces.

Inventory:

Hand Weapons
 a - a +0 mace (weapon)
Missiles
 f - 67 stones (quivered)
Armour
 b - a +0 robe (worn)
Jewellery
 e - an amulet of guardian spirit (around neck)
Books
 c - a book of Battle

   Spells                             Type                      Level
   a - Infusion                       Charms                       1
   b - Shroud of Golubria             Charms/Translocation         2
   c - Song of Slaying                Charms                       2
   d - Spectral Weapon                Hexes/Charms                 3
   e - Regeneration                   Charms/Necromancy            3
Comestibles
 d - 4 bread rations
 i - 2 meat rations
 j - a slice of pizza
 l - 2 beef jerkies


   Skills:
 - Level 2.6 Fighting
 * Level 4.5 Maces & Flails
 - Level 1.3 Dodging
 - Level 2.4 Spellcasting
 * Level 0.5 Hexes
 - Level 3.0 Charms


You had one spell level left.
You knew the following spells:

 Your Spells              Type           Power        Failure   Level  Hunger
a - Infusion              Chrm           #.....       10%         1    ##.....
b - Shroud of Golubria    Chrm/Tloc      #.........   21%         2    ###....
c - Spectral Weapon       Hex/Chrm       #.......     43%         3    ####...


Dungeon Overview and Level Annotations

Branches:
Dungeon (3/15)

Altars:
Ru

Annotations:
D:3 bezhaha's ghost, amateur DgGl


Innate Abilities, Weirdness & Mutations

You are too large for most types of armour.
You have tough skin (AC +1).


Message History

You feel very mighty all of a sudden. The giant frog closely misses you.
The giant frog hits you.
* * * LOW HITPOINT WARNING * * *
You thump the giant frog!
The giant frog is moderately wounded.
The giant frog closely misses you.
You barely miss the giant frog.
The giant frog is moderately wounded.
The giant frog hits you but does no damage. x2
You hit the giant frog.
The giant frog is heavily wounded.
You are feeling hungry.
The giant frog hits you.
* * * LOW HITPOINT WARNING * * *
The giant frog hits you.
* * * LOW HITPOINT WARNING * * *
You closely miss the giant frog.
The giant frog is heavily wounded.
The giant frog hits you!
You die...

#(.#...'...#................#
.%.#...≈#..........#........<#
#. #...≈#.......##..#..##..(.#
.#....≈≈#...#.[.###.....#....#
.....≈≈≈#..####... .#...####.#
....≈≈≈≈#..# ####.....# #.#
≈.≈≈≈≈≈≈#rg## ##....... #..
#+#######...####.....# ##.
.........#gF@# #
..........r### ...........##
.$.........# ...........#
...........# ....!.....#
.#.....#(. #####.##.


You could see a giant frog, a hobgoblin and a rat.

Vanquished Creatures
  A gnoll (D:1)
  2 adders
  A giant gecko (D:2)
  3 giant cockroaches
  7 goblins
  9 hobgoblins
  7 jackals
  6 kobolds
  2 ball pythons
  5 bats
  3 giant newts (D:2)
  3 rats
49 creatures vanquished.

Notes
Turn   | Place    | Note
--------------------------------------------------------------
     0 | D:1      | MrRokkomies the Ogre Skald began the quest for the Orb.
     0 | D:1      | Reached XP level 1. HP: 22/22 MP: 3/3
    75 | D:1      | Reached skill level 3 in Maces & Flails
    86 | D:1      | Reached XP level 2. HP: 17/29 MP: 0/5
   432 | D:1      | Reached XP level 3. HP: 22/36 MP: 6/6
   912 | D:1      | Learned a level 2 spell: Shroud of Golubria
   916 | D:1      | Learned a level 3 spell: Spectral Weapon
  1135 | D:2      | Found a sacrificial altar of Ru.
  1198 | D:2      | Reached skill level 4 in Maces & Flails
  1843 | D:3      | Reached XP level 4. HP: 44/44 MP: 7/7
  1874 | D:3      | Noticed bezhaha's ghost (amateur DgGl)
  2091 | D:3      | Noticed a giant frog
  2124 | D:3      | Slain by a giant frog

Vault maps used:
D:1:      lemuel_arrival_funnel, corexii_hall_statues_i
D:2:      hangedman_ru_absence, first_bread
D:3:      elyvilon_altar_4, grunt_pakellas_mercury, ecumenical_altar_1,
          kennysheep_generic_room_2

Action                   |  1- 3 |  4- 6 || total
-------------------------+-------+-------++-------
Melee: Mace              |   138 |    41 ||   179
Throw: Stone             |    15 |     3 ||    18
 Cast: Infusion          |     3 |     1 ||     4
       Shroud of Golubri |       |     4 ||     4
  Use: Scroll            |     4 |       ||     4
       Potion            |       |     7 ||     7
  Eat: Chunk             |     3 |     1 ||     4
